AoeStats
← player0

Lombardia

509835171Analyzed
2v2 RM · 5d ago on Sep 28, 2026· 38m 16s· 4 players
Game mode
Random Map
Map size
Medium (4 player)
Population
200
Speed
Normal
Resources
Standard
Victory
Conquest
Starting age
Dark Age
Ending age
Imperial Age
RankedLock teamsTeams togetherTeam positionsShared explorationLock speedFull tech treeHidden civsTurbo modeCheats
Victory
Defeat
🇧🇪 Vikings · Belgium
1075
+13
1052
+14
🇳🇱 Goths · Netherlands
1028
-13
🇨🇳 Magyars · China
1011
-14
brandbaria
9:33 Loom
13:18 Feudal Age
21:01 Castle Age
20:44 Horse Collar
20:53 Double-Bit Axe
22:55 Heavy Plow
23:09 Bow Saw
25:03 Man-at-Arms
25:43 Squires
33:09 Imperial Age
30:45 Anarchy
30:51 Long Swordsman
32:26 Wheelbarrow
31:48 Gold Mining
32:45 Caravan
33:04 Forging
32:54 Scale Mail Armor
33:12 Two-Handed Swordsman
34:31 Iron Casting
34:41 Conscription
34:03 Champion
35:52 Perfusion
dragonlee66
10:37 Feudal Age
15:33 Castle Age
14:23 Double-Bit Axe
20:11 Horse Collar
25:16 Wheelbarrow
26:19 Hand Cart
26:40 Bloodlines
26:22 Loom
28:16 Heavy Plow
28:29 Bow Saw
31:48 Imperial Age
29:08 Town Watch
30:10 Gold Mining
30:14 Stone Mining
32:15 Gold Shaft Mining
34:02 Two-Man Saw
34:00 Parthian Tactics
35:17 Chemistry
34:37 Ballistics
34:25 Heavy Cavalry Archer
36:07 Corvinian Army
37:13 Elite Magyar Huszar
38:17 Conscription
38:45 Recurve Bow
player0
3:18 Loom
11:41 Feudal Age
15:24 Castle Age
16:04 Double-Bit Axe
16:35 Horse Collar
25:48 Bow Saw
25:56 Heavy Plow
31:03 Imperial Age
29:48 Scale Mail Armor
29:58 Forging
30:46 Chain Mail Armor
31:15 Gold Mining
31:15 Stone Mining
32:02 Iron Casting
32:06 Chieftains
32:34 Conscription
32:59 Elite Berserk
34:01 Squires
35:09 Plate Mail Armor
34:48 Arson
lenkamie plays on touchpad
8:42 Loom
14:39 Feudal Age
16:42 Wheelbarrow
18:37 Castle Age
20:46 Horse Collar
20:54 Double-Bit Axe
25:55 Bow Saw
25:56 Heavy Plow
32:06 Imperial Age
35:24 Hand Cart
36:20 Crop Rotation
36:54 Two-Man Saw
37:42 Forging
37:33 Scale Mail Armor
Connection lost

Rejoining the realm…

Still unreachable

The connection could not be restored.

Session expired

The server has moved on; the page needs a fresh start.